 Dungeon Crawl Stone Soup version 0.23.2-40-g277498a001 (webtiles) character file.

Game seed: 12541008453930982050

228 Descartes the Digger (level 6, 0/42 HPs)
             Began as a Formicid Earth Elementalist on Aug 28, 2019.
             Succumbed to a scorpion's poison
             ... on level 4 of the Dungeon.
             The game lasted 00:12:42 (4628 turns).

Descartes the Digger (Formicid Earth Elementalist)  Turns: 4628, Time: 00:12:43

Health: 0/42       AC:  6    Str: 14    XL:     6   Next: 22%
Magic:  9/11       EV: 12    Int: 13    God:
Gold:   175        SH:  0    Dex: 11    Spells: 7/11 levels left

rFire    . . .     SeeInvis +   u - +2 short sword (vamp)
rCold    . . .     Gourm    .   (no shield)
rNeg     . . .     Faith    .   p - +1 leather armour (curse)
rPois    .         Spirit   .   (helmet unavailable)
rElec    .         Reflect  .   i - +0 cloak (curse)
rCorr    .         Harm     .   (no gloves)
MR       .....                  l - +0 pair of boots
Stlth    ++........             (no amulet)
HPRegen  0.14/turn              r - -2 ring of intelligence (curse)
MPRegen  0.12/turn              (no ring)

@: lethally poisoned (0 -> -20), very slightly contaminated
A: permanent stasis, dig shafts and tunnels, four strong arms, antennae 3
a: Dig, Shaft Self


You were on level 4 of the Dungeon.
You were very hungry.

You visited 1 branch of the dungeon, and saw 4 of its levels.

You collected 175 gold pieces.

Inventory:

Hand Weapons
 e - a +0 mace
 g - a +0 dagger
 h - a +0 hunting sling
 m - a +0 short sword
 u - a +2 vampiric short sword (weapon)
Missiles
 b - 38 stones (quivered)
 j - 60 bolts
 q - 21 sling bullets
 s - 44 arrows
Armour
 c - a +0 robe
 i - a cursed +0 cloak (worn)
 l - a +0 pair of boots (worn)
 p - a cursed +1 leather armour (worn)
 v - a +1 helmet of see invisible
Jewellery
 r - a cursed -2 ring of intelligence (left hand)
Wands
 t - a wand of polymorph (6)
Scrolls
 a - a scroll of teleportation {unknown}
 f - 2 scrolls of identify
 w - a scroll of enchant weapon {unknown}
Potions
 k - 2 potions of haste
 n - 2 potions of mutation {unknown}
 o - a potion of resistance
Comestibles
 d - 9 rations


   Skills:
 - Level 0.6 Fighting
 + Level 1.7 Armour
 - Level 1.9 Dodging
 + Level 3.5 Stealth
 * Level 3.4 Spellcasting
 * Level 1.9 Conjurations
   Level 1.1 Transmutations
 * Level 5.2 Earth Magic


You had 7 spell levels left.
You knew the following spells:

 Your Spells              Type           Power        Failure   Level  Hunger
a - Sandblast             Erth           ###...       3%          1    #......
b - Stone Arrow           Conj/Erth      ##....       19%         3    ###....

Your spell library contained the following spells:

 Spells                   Type           Power        Failure   Level  Hunger
 Passwall                 Tmut/Erth      ##......     11%         2    ##.....
 Petrify                  Tmut/Erth      ##......     58%         4    #####..
 Lee's Rapid Deconstruct  Erth           ###.......   65%         5    ######.


Dungeon Overview and Level Annotations

Branches:
Dungeon (4/15)             Temple (0/1) D:4

Altars:
Hepliaklqana
Ru
Xom
Zin


Innate Abilities, Weirdness & Mutations

You cannot be hasted, slowed, berserked, paralysed or teleported.
You can dig through walls and to a lower floor.
Your four strong arms can wield two-handed weapons with a shield.
You have a pair of large antennae on your head. (SInv)


Message History

Casting: Sandblast (safe; 3% risk of failure)
Confirm with . or Enter, or press ? or * to list all spells.
Aiming: Sandblast (safe; 3% risk of failure)
Press: ? - help, Shift-Dir - straight line, f - scorpion
Aim: a scorpion (severely wounded)
The blast of sand hits the scorpion.
The scorpion is severely wounded.
b - 38 stones
* * * LOW HITPOINT WARNING * * *
You feel sick. The scorpion stings you.
* * * LOW HITPOINT WARNING * * *
Casting: Sandblast (safe; 3% risk of failure)
Confirm with . or Enter, or press ? or * to list all spells.
Aiming: Sandblast (safe; 3% risk of failure)
Press: ? - help, Shift-Dir - straight line, f/p - scorpion
Aim: a scorpion (severely wounded)
You miscast Sandblast.
You are very lightly contaminated with residual magic.
You feel momentarily lethargic.
You die...

#.# #..#...
#.# #..#...
#######.###
#......#
#.........#
#.##....
#.#######.#
#.... #.#
...... #.#
###.... #.#
#.#.. #@#
#.###
###s###
##hhh##
..+.h.+..
####⌠.⌠####
###+###
###{###


You could see a scorpion and 4 jackals.

Vanquished Creatures
  Jessica (D:2)
  2 bullfrog skeletons (D:4)
  Natasha (D:1)
  Robin (D:2)
  An adder (D:3)
  3 worms
  2 dart slugs (D:3)
  4 leopard geckos
  2 orcs (D:3)
  5 giant cockroaches
  18 goblins
  11 hobgoblins
  5 jackals
  5 kobolds
  A quokka (D:2)
  2 ball pythons
  9 bats
  5 frilled lizards
  4 rats
82 creatures vanquished.

Notes
Turn   | Place    | Note
-------+----------+-------------------------------------------
     0 | D:1      | Descartes the Formicid Earth Elementalist began the quest
                  | for the Orb.
     0 | D:1      | Reached XP level 1. HP: 13/13 MP: 3/3
   204 | D:1      | Reached XP level 2. HP: 5/19 MP: 3/5
   660 | D:1      | Reached skill level 4 in Earth Magic
   846 | D:1      | Reached XP level 3. HP: 25/25 MP: 4/6
   956 | D:1      | Learned a level 3 spell: Stone Arrow
  1910 | D:2      | Noticed Robin
  2209 | D:1      | Reached XP level 4. HP: 31/31 MP: 8/8
  2486 | D:2      | Killed Robin
  2486 | D:2      | Reached skill level 1 in Armour
  2551 | D:2      | Noticed Natasha
  2565 | D:1      | Killed Natasha
  2565 | D:1      | Reached skill level 1 in Conjurations
  3016 | D:2      | Reached XP level 5. HP: 36/36 MP: 9/9
  3036 | D:2      | Found a hazy altar of Hepliaklqana.
  3037 | D:2      | Found a shimmering altar of Xom.
  3037 | D:2      | Noticed a soldier ant
  3038 | D:2      | Noticed a spectral ugly thing
  3038 | D:2      | Noticed a soldier ant
  3152 | D:2      | Noticed Jessica
  3161 | D:2      | Killed Jessica
  3524 | D:2      | Found a glowing silver altar of Zin.
  3585 | D:3      | Found a faded altar of an unknown god.
  3839 | D:3      | Reached skill level 5 in Earth Magic
  4408 | D:4      | Found a sacrificial altar of Ru.
  4435 | D:4      | Reached XP level 6. HP: 26/42 MP: 9/11
  4616 | D:4      | Found a staircase to the Ecumenical Temple.
  4627 | D:4      | HP: 1/42 [scorpion (6)]
  4628 | D:4      | Succumbed to a scorpion's poison

Skill      XL: |  1  2  3  4  5 |
---------------+----------------+-----
Earth Magic    | 4 5 |  5.2
Stealth        | 3 |  3.5
Armour         | 1 |  1.7
Conjurations   | 1 |  1.9
Spellcasting   | 3 |  3.4
Fighting       | |  0.6
Dodging        | |  1.9
Transmutations | |  1.1

Action                   |  1- 3 |  4- 6 || total
-------------------------+-------+-------++-------
Melee: Mace              |    75 |     7 ||    82
       Short sword       |       |   178 ||   178
       Unarmed           |       |     1 ||     1
 Cast: Sandblast         |    20 |     6 ||    26
       Stone Arrow       |     7 |     3 ||    10
 Abil: Dig               |     1 |       ||     1
  Use: Scroll            |       |     6 ||     6
 Stab: Sleeping          |       |     7 ||     7
  Eat: Chunk             |     6 |     5 ||    11
       Ration            |       |     2 ||     2
Armor: Robe              |     5 |       ||     5
       Leather armour    |    23 |    53 ||    76
Dodge: Dodged            |    80 |   138 ||   218
